 Dungeon Crawl Stone Soup version 0.28-a0-563-gf77a47075d (webtiles) character file.

Game seed: 2470961433635296168

2877 robertstho the Protected (level 9, -7/121 (123) HPs)
             Began as a Minotaur Berserker on Sept 29, 2021.
             Was an Elder of Trog.
             Mangled by a two-headed ogre (21 damage)
             ... on level 8 of the Dungeon.
             The game lasted 00:08:28 (8776 turns).

robertstho the Protected (Minotaur Berserker)       Turns: 8776, Time: 00:08:29

HP:   -7/121 (123)  AC: 11    Str: 25    XL:     9   Next: 48%
MP:   8/8           EV: 11    Int: 11    God:    Trog [****..]
Gold: 226           SH:  0    Dex:  9    Spells: 8/8 levels left

rFire   . . .      SeeInvis .   y - +3 battleaxe
rCold   . . .      Faith    .   (shield currently unavailable)
rNeg    . . .      Spirit   .   e - +1 scale mail {rPois}
rPois   +          Reflect  .   (helmet restricted)
rElec   .          Harm     .   x - +0 cloak
rCorr   .          Rampage  .   (no gloves)
Will    .....                   (no boots)
Stlth   ..........              (no amulet)
HPRegen 0.30/turn               u - +6 ring of intelligence
MPRegen 0.11/turn               (no ring)

@: confused, berserking (expiring), lightly drained, very quick
A: horns 2, retaliatory headbutt
a: Renounce Religion, Berserk, Trog's Hand, Brothers in Arms


You were on level 8 of the Dungeon.
You worshipped Trog.
Trog was greatly pleased with you.
You visited 1 branch of the dungeon, and saw 8 of its levels.
You also visited: Sewer.

You collected 276 gold pieces.
You spent 50 gold pieces at shops.

Inventory:

Hand Weapons
 a - a +0 hand axe
 y - a +3 battleaxe (weapon)
Armour
 e - a +1 scale mail of poison resistance (worn)
 n - a +2 leather armour of cold resistance
 x - a +0 cloak (worn)
Jewellery
 u - a +6 ring of intelligence (left hand)
Scrolls
 d - 2 scrolls of enchant armour
 f - a scroll of immolation
 h - 3 scrolls of teleportation
 k - 4 scrolls of silence
 r - 3 scrolls of fog
 s - a scroll of blinking {unknown}
 w - a scroll of magic mapping {unknown}
Potions
 b - 3 potions of lignification {unknown}
 c - 3 potions of curing {unknown}
 g - 2 potions of cancellation {unknown}
 i - a potion of flight {unknown}
 j - 2 potions of might {unknown}
 l - 6 potions of invisibility {unknown}
 m - 3 potions of magic {unknown}
 o - 3 potions of heal wounds {unknown}
 p - a potion of mutation {unknown}
 q - 2 potions of haste
 t - 2 potions of berserk rage
 v - 2 potions of experience {unknown}


   Skills:
 * Level 8.8 Fighting
 + Level 8.8 Axes
 * Level 9.5 Armour
 * Level 5.7 Dodging
 + Level 0.7 Stealth


You had 8 spell levels left.
You didn't know any spells.
Your spell library was empty.

Dungeon Overview and Level Annotations

Branches:
Dungeon (8/15)             Temple (0/1) D:7           Sewer (visited)
   Lair: D:8-11

Altars:
Gozag
Kikubaaqudgha
Makhleb
Okawaru
Sif Muna
Trog
Vehumet

Shops:
D:3 ?


Innate Abilities, Weirdness & Mutations

You have a pair of horns on your head.
You reflexively headbutt those who attack you in melee.


Message History

The orc priest hits you from afar with a +0 trident!
You slice the orc!!
You kill the orc!
Trog accepts your kill.
You miss something. You slash the bullfrog!
You feel the power of Trog in you as your rage grows.
You kill the bullfrog!
Trog accepts your kill.
You hear some strange, mumbled words.
You are confused.
The orc priest hits you but does no damage.
You hit the orc.
You kill the orc!
Trog accepts your kill.
You miss something. You closely miss the orc priest. Something hits you.
The orc priest hits you with a +0 hand axe.
The orc priest misses you.
You're too confused to move!
The two-headed ogre hits you with a +0 giant club!
The two-headed ogre hits you with a +0 dire flail.
Something hits you but does no damage.
Unknown command.
You feel a strong urge to attack something.
Unknown command.
The two-headed ogre hits you with a +0 giant club!!
* * * LOW HITPOINT WARNING * * *
The two-headed ogre hits you with a +0 dire flail.
* * * LOW HITPOINT WARNING * * *
Something hits you.
* * * LOW HITPOINT WARNING * * *
The orc priest hits you but does no damage.
You barely miss the orc priest. Your headbutt misses the orc priest.
You barely miss the orc warrior. You closely miss the two-headed ogre.
You closely miss something.
You hear some strange, mumbled words.
A puff of flame appears from out of thin air!
The puff of flame hits you!
* * * LOW HITPOINT WARNING * * *
The two-headed ogre hits you with a +0 giant club!!
You die...

.....#......#......#
.......#................
.......###..............
........................
........................
...............#.......
#.........#...###....#
.##.....##..##{O...#..
............#@oo.....
.#............o#......
.##.........### .....
#.........[ ....
#........... ...
#............ ..
.............. .
..............
..............


You could see a two-headed ogre, an orc warrior and 2 orc priests.

Vanquished Creatures
  A wyvern (D:5)
  Menkaure (D:5)
  Duvessa (D:5)
  A black bear (D:4)
  3 orc warriors
  3 ogres
  A centaur (D:7)
  2 phantoms (D:5)
  A kobold brigand (Sewer)
  3 bullfrogs
  A scorpion (D:7)
  A wyvern skeleton (D:4)
  Dowan (D:5)
  2 howler monkeys (D:7)
  6 wights
  2 centaur zombies
  2 hounds
  3 centaur skeletons
  An orc priest (D:3)
  A bullfrog zombie (D:4)
  A jelly (D:6)
  Crazy Yiuf (D:6)
  An iguana (D:6)
  4 orc wizards
  A hound zombie (D:5)
  A howler monkey zombie (D:6)
  4 gnolls (D:3)
  15 adders
  6 river rats (Sewer)
  2 ufetubi (D:6)
  An adder zombie (D:5)
  3 worms
  A dart slug (D:3)
  23 orcs
  10 bats
  6 endoplasms
  7 giant cockroaches
  6 goblins
  7 hobgoblins
  11 jackals
  24 kobolds
  5 quokkas
  7 ball pythons
  7 frilled lizards
  20 rats
211 creatures vanquished.

Notes
Turn   | Place    | Note
-------+----------+-------------------------------------------
     0 | D:1      | robertstho the Minotaur Berserker began the quest for the
                  | Orb.
     0 | D:1      | Reached XP level 1. HP: 19/19 MP: 0/0
     7 | D:1      | Found a faded altar of an unknown god.
     7 | D:1      | Noticed a shining eye
    12 | D:1      | Noticed a golden eye
    16 | D:1      | Noticed a golden eye
    16 | D:1      | Noticed a floating eye
    78 | D:1      | Reached XP level 2. HP: 24/27 MP: 1/1
   559 | D:1      | Reached ** piety under Trog
   688 | D:1      | Reached XP level 3. HP: 34/34 MP: 2/2
  1550 | D:2      | Reached XP level 4. HP: 41/41 MP: 3/3
  1600 | D:2      | Reached skill level 3 in Armour
  2074 | D:3      | Found Vetunoij's Magic Scroll Emporium.
  2207 | D:3      | Reached skill level 5 in Fighting
  2207 | D:3      | Reached XP level 5. HP: 33/48 MP: 4/4
  2208 | D:3      | Reached skill level 5 in Axes
  2401 | D:3      | Found a glowing drain.
  2412 | Sewer    | Entered a sewer
  2429 | Sewer    | Reached *** piety under Trog
  2432 | Sewer    | Reached skill level 4 in Armour
  2768 | Sewer    | Reached XP level 6. HP: 46/56 MP: 5/5
  3315 | D:3      | Reached **** piety under Trog
  3497 | D:3      | Reached skill level 5 in Armour
  3721 | D:3      | Bought a scroll of teleportation for 30 gold pieces
  3721 | D:3      | Bought a scroll of identify for 20 gold pieces
  3874 | D:4      | Reached XP level 7. HP: 62/62 MP: 6/6
  4679 | D:5      | Entered Level 5 of the Dungeon
  4816 | D:5      | Reached skill level 6 in Armour
  4820 | D:5      | Noticed Menkaure
  4830 | D:5      | Killed Menkaure
  5074 | D:5      | Reached skill level 7 in Armour
  5074 | D:5      | Reached XP level 8. HP: 71/71 MP: 7/7
  5306 | D:5      | Noticed Duvessa
  5306 | D:5      | Noticed Dowan
  5313 | D:5      | Killed Dowan
  5318 | D:5      | Killed Duvessa
  5860 | D:5      | Reached skill level 8 in Armour
  6410 | D:6      | Found an iron altar of Okawaru.
  6410 | D:6      | Found a bloodstained altar of Trog.
  6799 | D:6      | Found an ancient bone altar of Kikubaaqudgha.
  6800 | D:6      | Found a shimmering blue altar of Sif Muna.
  6803 | D:6      | Found a radiant altar of Vehumet.
  6871 | D:6      | Found a runed translucent door.
  6872 | D:6      | Noticed Crazy Yiuf
  6975 | D:6      | Found a burning altar of Makhleb.
  6975 | D:6      | Noticed a green death
  6978 | D:6      | Noticed a smoke demon
  7151 | D:6      | Killed Crazy Yiuf
  7240 | D:7      | Reached skill level 5 in Dodging
  7247 | D:7      | Found an opulent altar of Gozag.
  7323 | D:7      | Reached XP level 9. HP: 68/81 MP: 8/8
  7489 | D:7      | Reached skill level 9 in Armour
  8099 | D:7      | Found a staircase to the Ecumenical Temple.
  8764 | D:8      | Noticed a two-headed ogre
  8776 | D:8      | Mangled by a two-headed ogre

Illustrated notes

Levels and vault maps discovered:
D:1:      nzn_arrival_crosshair, layout_loops_corners,
          hellmonk_ecumenical_altar_watching_god
D:2:      layout_basic, supply_closet_lemuel
D:3:      layout_basic, portal_sewer_entry_f, serial_shops,
          nicolae_shop_waterfront
D:4:      layout_loops_ring
D:5:      layout_basic, kennysheep_generic_room_12, uniq_duvessa, uniq_menkaure
D:6:      layout_basic, grunt_temple_overflow_magic_moments,
          makhleb_altar_promises_db, grunt_temple_overflow_bloody_war,
          nrook_mini_vaults, chequers_serial_rivers_room_a,
          uniq_crazy_yiuf_cottage
D:7:      layout_cave_pods, mainiacjoe_overflow_cross_hatched, temple_doors_e,
          minmay_misc_feat_ornament
D:8:      layout_cave_pools

Skill      XL: |  1  2  3  4  5  6  7  8  9 |
---------------+----------------------------+-----
Fighting       | 4 5 6 7 8 |  8.8
Axes           | 4 5 6 8 |  8.8
Armour         | 3 4 5 7 8 9 |  9.5
Dodging        | 3 4 5 |  5.7
Stealth        | |  0.7

Action                   |  1- 3 |  4- 6 |  7- 9 || total
-------------------------+-------+-------+-------++-------
Melee: Hand axe          |    82 |   184 |   223 ||   489
       Headbutt          |    19 |    29 |    54 ||   102
       Battleaxe         |       |       |    55 ||    55
Invok: Berserk           |       |     2 |     8 ||    10
  Use: Scroll            |       |     4 |     2 ||     6
Armor: Animal skin       |    20 |       |       ||    20
       Scale mail        |     9 |    71 |   100 ||   180
Dodge: Dodged            |    43 |    92 |   138 ||   273

Table legend: (Time is in decaauts)
 A = Elapsed time spent in this place.
 B = Non-inter-level travel time spent in this place.
 C = Inter-level travel time spent in this place.
 D = Time resting spent in this place.
 E = Time spent auto-exploring this place.
 F = Levels seen in this place.
 G = Mean time per level.
                   A        B        C        D        E       F      G
               +--------+--------+--------+--------+--------+-----+--------+
         Total |   8881 |   8624 |    257 |    964 |   6339 |   9 |  986.8 |
       Dungeon |   8041 |   7784 |    257 |    964 |   5698 |   8 | 1005.1 |
         Sewer |    840 |    840 |      0 |      0 |    641 |   1 |  840.0 |
               +--------+--------+--------+--------+--------+-----+--------+

Top non-repeatable levels by time:
     D:6: 1445 daAuts
     D:1: 1341 daAuts
     D:5: 1256 daAuts
     D:3: 1095 daAuts
     D:7: 987 daAuts
   Sewer: 840 daAuts
     D:4: 812 daAuts
     D:2: 642 daAuts
     D:8: 461 daAuts
